 Dungeon Sprint DCSS version 0.31-a0-360-gb3e1d13bf4 (webtiles) character file.

Game seed: 15571046705746887133

2759 dialectric the Ninja (level 9, -3/49 HPs)
             Began as a Spriggan Brigand on July 27, 2023.
             Was a High Priest of Uskayaw.
             Slain by a demonic crawler (19 damage)
             ... in the Dungeon (Sprint I: "Red Sonja").
             The game lasted 00:01:33 (199 turns).

dialectric the Ninja (Spriggan Brigand)              Turns: 199, Time: 00:01:33

Health: -3/49      AC:  3    Str:  7    XL:     9   Next: 41%
Magic:  10/10      EV: 21    Int: 12    God:    Uskayaw [*****.]
Gold:   417        SH:  0    Dex: 21    Spells: 8/8 levels left

rFire   . . .        a - +2 dagger
rCold   . . .        (no shield)
rNeg    . . .        b - +0 robe
rPois   .            (helmet restricted)
rElec   .            c - +0 cloak
rCorr   .            (gloves unavailable)
SInv    +            (boots unavailable)
Will    +....        (no amulet)
Stlth   ++++++++++   (no ring)
HPRegen 0.28/turn    (no ring)
MPRegen 0.12/turn

%: no teleportation
@: very quick
A: very small, no large weapons, unfitting armour, see invisible, speed 3
a: Renounce Religion, Stomp, Line Pass, Grand Finale


You were in the Dungeon.
You worshipped Uskayaw.
Uskayaw was noncommittal.
You visited 1 branch You collected 417 gold pieces.

Inventory:

Hand Weapons
 a - a +2 dagger (weapon)
Missiles
 d - 9 poisoned darts (quivered)
 m - 3 curare-tipped darts
Armour
 b - a +0 robe (worn)
 c - a +0 cloak (worn)
Wands
 e - a wand of mindburst (7)
Scrolls
 k - a scroll of blinking
 l - a scroll of silence {unknown}
Potions
 f - a potion of curing
 g - a potion of heal wounds
 h - a potion of haste
 i - 2 potions of magic
 j - a potion of berserk rage


   Skills:
 + Level 6.7 Fighting
 + Level 8.3 Short Blades
 - Level 2.5 Throwing
 + Level 6.0 Dodging
 O Level 27 Stealth


You had 8 spell levels left.
You didn't know any spells.
Your spell library was empty.

Dungeon Overview and Level Annotations

Branches:
Dungeon (1/1)

Altars:
Cheibriados
Dithmenos
Elyvilon
Fedhas
Gozag
Hepliaklqana
Kikubaaqudgha
Makhleb
Nemelex Xobeh
Okawaru
Qazlal
Ru
Sif Muna
Trog
Uskayaw
Vehumet
Wu Jian
Xom
Yredelemnul
Zin
The Shining One
Jiyva
Lugonu

Shops:
D :


Innate Abilities, Weirdness & Mutations

You are very small and have problems with some larger weapons.
You are too small for most types of armour.
You have supernaturally acute eyesight. (SInv)
You cover ground extremely quickly. (Speed+++)


Message History

You hit the floating eye.
The floating eye is moderately wounded.
Uskayaw will force your foes to helplessly watch your dance.
Uskayaw prepares the audience for your solo!
The helpless floating eye fails to defend itself.
You stick the floating eye like a pincushion!!!!!
You kill the floating eye!
Your Dodging skill increases to level 4!
You have reached level 8!
Things that are here:
a +0 dagger; a +0 robe You open the door. 4 demonic crawlers come into view.
There is an open door here.
The helpless demonic crawler fails to defend itself.
You spit the demonic crawler like a pig!!!!!
You kill the demonic crawler!
Uskayaw will force your foes to share their pain.
Uskayaw links your audience in an emotional bond!
Your Fighting skill increases to level 5!
Your Short Blades skill increases to level 6!
Your Stealth skill gained 2 levels and is now at level 25!
The helpless demonic crawler fails to defend itself.
You stick the demonic crawler like a pincushion!!!!!
The demonic crawler gives a hideous shriek!
You kill the demonic crawler! x2
You can now merge with and destroy a victim.
Your Fighting skill increases to level 6!
Your Short Blades skill gained 2 levels and is now at level 8!
Your Dodging skill gained 2 levels and is now at level 6!
You have mastered Stealth!
You have reached level 9!
Your experience leads to an increase in your attributes!
Increase (S)trength, (I)ntelligence, or (D)exterity?
You feel agile. x2
The demonic crawler is no longer sharing its pain.
Uskayaw prepares the audience for your solo!
The demonic crawler is no longer paralysed.
The demonic crawler hits you! The demonic crawler hits you!!
You die...

###################
..#J)+..#__#..'..)#
.)'..#..'..'..#.@s##+#
#'#####'#__####)..'.†#
..#...#.#### #####..+
###..##.# +##
__##'#_.+ ...'..._#
__##_.#+# __###+# ###


You could see a demonic crawler.

Vanquished Creatures
  3 demonic crawlers (D)
  2 kobold demonologists (D)
  Sigmund (D)
  A yak (D)
  A floating eye (D)
  An ogre (D)
  A jelly (D)
  Ijyb (D)
11 creatures vanquished.

Notes
Turn   | Place    | Note
-------+----------+-------------------------------------------
     0 | D        | dialectric the Spriggan Brigand began the quest for the
                  | Orb.
     0 | D        | Reached XP level 1. HP: 10/10 MP: 2/2
     2 | D        | Noticed Ijyb
     4 | D        | Killed Ijyb
     5 | D        | Reached skill level 9 in Stealth
     5 | D        | Reached XP level 2. HP: 15/15 MP: 3/3
     7 | D        | Noticed an ogre
     9 | D        | Killed an ogre
    10 | D        | Reached skill level 13 in Stealth
    10 | D        | Reached XP level 3. HP: 19/19 MP: 4/4
    10 | D        | Reached XP level 4. HP: 23/23 MP: 5/5
    12 | D        | Noticed Sigmund
    14 | D        | Killed Sigmund
    15 | D        | Reached skill level 17 in Stealth
    15 | D        | Reached XP level 5. HP: 28/28 MP: 6/6
    15 | D        | Reached XP level 6. HP: 32/32 MP: 7/7
    26 | D        | Found a shimmering blue altar of Sif Muna.
    27 | D        | Found an ornate altar of the Wu Jian Council.
    28 | D        | Found a radiant altar of Vehumet.
    64 | D        | Reached skill level 18 in Stealth
   118 | D        | Found Faci Ony's Book Emporium.
   118 | D        | Found an ancient bone altar of Kikubaaqudgha.
   118 | D        | Found a stormy altar of Qazlal.
   118 | D        | Found a blossoming altar of Fedhas.
   118 | D        | Found a bloodstained altar of Trog.
   118 | D        | Found an iron altar of Okawaru.
   118 | D        | Found a glowing golden altar of the Shining One.
   118 | D        | Found a glowing silver altar of Zin.
   118 | D        | Found a white marble altar of Elyvilon.
   118 | D        | Noticed a yak
   119 | D        | Found a hazy altar of Hepliaklqana.
   119 | D        | Found a hide-covered altar of Uskayaw.
   119 | D        | Found a basalt altar of Yredelemnul.
   119 | D        | Found an opulent altar of Gozag.
   119 | D        | Found a snail-covered altar of Cheibriados.
   119 | D        | Found a sacrificial altar of Ru.
   119 | D        | Found a shadowy altar of Dithmenos.
   120 | D        | Killed a yak
   121 | D        | Reached skill level 19 in Stealth
   121 | D        | Found a sparkling altar of Nemelex Xobeh.
   124 | D        | Became a worshipper of Uskayaw the Reveller
   136 | D        | Found a burning altar of Makhleb.
   136 | D        | Found a shimmering altar of Xom.
   136 | D        | Noticed a slime creature
   137 | D        | Found a viscous altar of Jiyva.
   137 | D        | Found a corrupted altar of Lugonu.
   177 | D        | Noticed a kobold demonologist
   178 | D        | Noticed a floating eye
   178 | D        | Noticed a kobold demonologist
   180 | D        | Killed a kobold demonologist
   180 | D        | Paralysed by a floating eye for 3 turns
   180 | D        | Reached * piety under Uskayaw
   181 | D        | Reached skill level 5 in Short Blades
   181 | D        | Reached skill level 21 in Stealth
   181 | D        | Reached XP level 7. HP: 20/37 MP: 8/8
   185 | D        | Killed a kobold demonologist
   185 | D        | Reached ** piety under Uskayaw
   186 | D        | Reached skill level 23 in Stealth
   188 | D        | Reached *** piety under Uskayaw
   190 | D        | Reached XP level 8. HP: 25/42 MP: 9/9
   192 | D        | Noticed a demonic crawler
   192 | D        | Noticed a demonic crawler
   192 | D        | Noticed a demonic crawler
   192 | D        | Noticed a demonic crawler
   194 | D        | Killed a demonic crawler
   194 | D        | Reached **** piety under Uskayaw
   195 | D        | Reached skill level 5 in Fighting
   195 | D        | Reached skill level 25 in Stealth
   195 | D        | Killed a demonic crawler
   195 | D        | Killed a demonic crawler
   195 | D        | Reached ***** piety under Uskayaw
   196 | D        | Reached skill level 27 in Stealth
   196 | D        | Reached XP level 9. HP: 30/49 MP: 10/10
   199 | D        | Slain by a demonic crawler

Illustrated notes

Levels and vault maps discovered:
D:        dungeon_sprint_1 [red_sonja_temple_1, red_sonja_temple_small_1]

Skill      XL: |  1  2  3  4  5  6  7  8 |
---------------+-------------------------+-----
Fighting       | 2 3 4 6 |  6.7
Stealth        | 9 13 17 21 23 27 | 27.0
Short Blades   | 3 4 5 8 |  8.3
Dodging        | 2 3 4 6 |  6.0
Throwing       | |  2.5

Action                     |  1- 3 |  4- 6 |  7- 9 || total
---------------------------+-------+-------+-------++-------
  Melee: Dagger            |     2 |    10 |     7 ||    19
  Throw: Dart              |       |    10 |       ||    10
   Stab: Sleeping          |     2 |     3 |     3 ||     8
         Paralysed         |       |       |     1 ||     1
  Dodge: Dodged            |       |     8 |       ||     8

Table legend: (Time is in decaauts)
 A = Elapsed time spent in this place.
 B = Non-inter-level travel time spent in this place.
 C = Inter-level travel time spent in this place.
 D = Time resting spent in this place.
 E = Time spent auto-exploring this place.
 F = Levels seen in this place.
 G = Mean time per level.
                   A        B        C        D        E       F      G
               +--------+--------+--------+--------+--------+-----+--------+
         Total |    142 |    142 |      0 |      0 |      0 |   1 |  142.0 |
       Dungeon |    142 |    142 |      0 |      0 |      0 |   1 |  142.0 |
               +--------+--------+--------+--------+--------+-----+--------+

Top non-repeatable levels by time:
       D: 142 daAuts
